Map: Pillars of Gold LE

Players

shama - Winner!

  • Race: Terran Terran
  • League: Platinum
  • Spawn Location: 1:00

Massa

  • Race: Terran Terran
  • League: Platinum
  • Spawn Location: 7:00

VOD

Have the link to the VOD?

Description

Time

  • Played on: Nov. 9, 2020, 10:16 a.m.
  • Length: 19:15
Show
View Real Time Build Order
Export as new Build Order

shama Terran - Winner!

Build Orders: Mech 

Get SALT Encoding   

  12  0:00  SCV  
  13  0:12  SCV  
  14  0:19  Supply Depot  
  14  0:26  SCV  
  15  0:43  Barracks  
  15  0:47  Refinery  
  15  0:49  SCV  
  16  0:59  Refinery  
  16  1:02  SCV  
  17  1:14  SCV  
  18  1:20  Supply Depot  
  18  1:26  SCV  
  19  1:38  Factory  
  19  1:47  Reaper  
  19  1:49  Orbital Command  
  20  2:15  SCV  
  21  2:20  Reaper  
  22  2:26  Hellion  
  24  2:33  Starport  
  24  2:34  SCV  
  25  2:39  Supply Depot  
  25  2:46  SCV  
  25  2:47  Hellion  
  28  2:52  Reaper  
  29  2:59  SCV  
  30  3:06  Supply Depot  
  30  3:09  Hellion  
  30  3:11  Starport Tech Lab  
  32  3:34  Command Center  
  32  3:44  SCV  
  31  3:56  SCV  
  32  4:07  Marine  
  29  4:24  Marine  
  29  4:27  SCV  
  28  4:31  Factory  
  28  4:36  Factory  
  28  4:37  Banshee, Engineering Bay  
  31  4:40  Cloaking Field  
  31  4:46  Factory Tech Lab  
  31  4:47  Marine  
  32  5:01  SCV  
  32  5:05  Marine  
  32  5:06  Siege Tank  
  37  5:10  Missile Turret  
  36  5:22  Armory  
  36  5:23  Factory Reactor  
  36  5:25  Factory Tech Lab  
  36  5:27  Marine  
  37  5:32  Orbital Command  
  37  5:45  Marine  
  37  5:47  Missile Turret  
  37  5:48  Infernal Pre-Igniter  
  38  5:54  SCV  
  39  6:00  Siege Tank  
  39  6:01  SCV  
  43  6:06  SCV  
  44  6:13  SCV  
  45  6:21  Hellion x2  
  49  6:38  Hellion x2  
  53  6:46  SCV x2  
  52  6:58  SCV x2  
  52  6:59  Siege Tank x2  
  52  7:01  Refinery  
  60  7:05  Refinery  
  60  7:06  Terran Vehicle Weapons Level 1  
  60  7:10  SCV x2, Supply Depot  
  60  7:11  Supply Depot  
  60  7:14  Supply Depot  
  62  7:17  Supply Depot  
  62  7:31  SCV x2, Siege Tank  
  62  7:36  Hellion x2  
  71  7:37  Siege Tank  
  71  7:42  Liberator  
  71  7:43  SCV  
  78  7:50  Starport  
  78  7:54  Missile Turret  
  78  8:00  Hellion x2  
  78  8:03  SCV x2, Siege Tank  
  87  8:13  Supply Depot  
  87  8:14  Supply Depot  
  87  8:15  SCV x2, Missile Turret  
  89  8:26  Starport Reactor  
  89  8:27  SCV  
  90  8:45  Missile Turret  
  90  8:48  Command Center  
  90  9:02  Thor x2  
  99  9:17  Command Center  
  92  9:39  Liberator x2  
  98  9:46  SCV x2  
  94  10:06  SCV x2  
  90  10:30  Viking x2  
  68  11:27  Siege Tank x2  
  68  11:34  Factory  
  68  11:38  SCV x3, Factory  
  71  11:42  Missile Turret  
  71  11:45  Planetary Fortress  
  71  11:50  SCV x3  
  71  11:54  Missile Turret  
  74  11:59  Siege Tank x2  
  80  12:02  SCV x3, Liberator x2  
  89  12:14  Refinery  
  89  12:16  SCV x3  
  89  12:17  Refinery  
  92  12:24  Missile Turret  
  92  12:31  Thor, Siege Tank  
  92  12:33  Missile Turret  
  96  12:38  Factory Tech Lab  
  96  12:39  Factory Tech Lab  
  96  12:49  Viking x2  
  100  12:54  Sensor Tower  
  100  13:03  Thor  
  100  13:04  Siege Tank x2  
  112  13:07  SCV  
  112  13:08  SCV x3  
  116  13:14  Siege Tank  
  116  13:19  Fusion Core  
  120  13:20  SCV  
  120  13:25  Refinery  
  120  13:26  SCV x3  
  123  13:28  Refinery  
  123  13:32  SCV  
  124  13:36  Siege Tank x2  
  124  13:38  SCV x3  
  133  13:46  Siege Tank  
  135  13:50  SCV x3  
  138  14:01  Hellion  
  140  14:15  Supply Depot  
  140  14:17  Supply Depot  
  140  14:30  Command Center  
  140  14:33  Missile Turret  
  140  14:37  Hellion x4  
  148  14:39  Supply Depot, Siege Tank  
  148  14:41  Supply Depot  
  148  14:43  Missile Turret  
  151  14:55  Advanced Ballistics  
  151  14:57  Starport  
  151  15:01  Thor  
  151  15:03  Starport  
  151  15:06  Starport  
  157  15:13  Missile Turret  
  157  15:15  Siege Tank x2  
  157  15:19  Sensor Tower  
  163  15:34  Command Center, Supply Depot  
  163  15:35  Supply Depot  
  163  15:37  Starport Tech Lab  
  163  15:41  Starport Tech Lab  
  163  15:43  Starport Tech Lab  
  163  15:50  Liberator x2  
  169  15:57  Missile Turret  
  169  15:58  Planetary Fortress  
  169  16:05  Refinery  
  169  16:06  Refinery  
  169  16:31  Battlecruiser x3  
  169  16:32  Battlecruiser  
  193  16:36  Terran Ship Weapons Level 1  
  193  16:38  Hellion  
  193  16:41  Hellion x4  
  193  16:47  Missile Turret  
  193  16:52  Hellion  
  193  16:53  Hellion x2  
  199  17:05  Refinery  
  199  17:07  Refinery  
  199  17:12  Weapon Refit  
  199  17:21  Factory  
  199  17:24  Factory  
  199  17:59  Missile Turret  
  199  18:03  Missile Turret  
Show
View Real Time Build Order
Export as new Build Order

Massa Terran 

Build Orders: Reaper Expand 

Get SALT Encoding   

  12  0:01  SCV  
  13  0:13  SCV  
  14  0:20  Supply Depot  
  14  0:25  SCV  
  15  0:42  SCV  
  16  0:44  Barracks  
  16  0:51  Refinery  
  16  0:54  SCV  
  17  1:06  SCV  
  18  1:18  SCV  
  19  1:31  Orbital Command  
  19  1:35  Reaper  
  20  1:48  Command Center  
  20  2:12  Marine  
  20  2:14  SCV  
  22  2:24  Factory  
  22  2:28  Supply Depot  
  22  2:40  SCV  
  22  2:41  Barracks Reactor  
  23  2:45  Engineering Bay  
  23  2:56  Supply Depot  
  23  3:00  Orbital Command  
  23  3:06  SCV  
  24  3:18  SCV  
  25  3:30  Marine  
  25  3:31  Marine  
  25  3:33  SCV  
  25  3:34  SCV  
  29  3:39  Factory Tech Lab, Engineering Bay  
  29  3:46  SCV x2  
  31  3:48  Marine  
  32  4:02  Marine  
  28  4:08  Hellion  
  23  4:19  Marine  
  23  4:23  SCV  
  10  4:24  SCV  
  10  4:29  Hellion  
  12  4:31  Supply Depot  
  12  4:35  SCV  
  12  4:36  SCV  
  12  4:37  Marine  
  15  4:46  Missile Turret  
  15  4:47  SCV  
  15  4:48  SCV  
  17  4:55  Marine  
  17  4:59  SCV  
  19  5:00  SCV  
  19  5:01  Missile Turret  
  20  5:11  SCV  
  20  5:12  SCV  
  20  5:13  Marine  
  23  5:17  Missile Turret  
  23  5:23  SCV  
  23  5:24  SCV  
  23  5:26  Widow Mine  
  27  5:35  Barracks Reactor  
  27  5:46  Starport  
  27  5:48  SCV x2  
  29  6:00  SCV  
  29  6:01  SCV  
  28  6:19  Marine x2  
  29  6:31  Cyclone  
  32  6:37  Marine x2  
  31  6:44  Viking  
  33  6:54  SCV x2  
  35  7:03  Missile Turret  
  35  7:06  SCV x2, Missile Turret  
  35  7:07  Marine x2  
  39  7:14  Medivac  
  41  7:18  SCV x2  
  43  7:24  Marine, Missile Turret  
  43  7:28  Missile Turret  
  44  7:30  SCV x2  
  44  7:34  Refinery, Marine  
  47  7:42  SCV, Marine  
  49  7:52  Marine  
  50  8:00  Reaper  
  50  8:03  Medivac  
  53  8:09  Marine  
  54  8:13  Barracks  
  54  8:18  SCV x2  
  56  8:27  Marine  
  56  8:30  SCV x2  
  56  8:32  Marine  
  54  8:42  SCV x2  
  54  8:45  Marine  
  54  8:48  Siege Tank  
  60  8:50  Marine  
  60  8:54  SCV  
  62  9:05  Barracks Tech Lab  
  62  9:15  Supply Depot x2  
  62  9:17  Supply Depot  
  62  9:19  Supply Depot  
  62  9:20  Supply Depot  
  62  9:21  SCV  
  59  9:40  SCV x2  
  59  9:41  Liberator  
  64  9:48  Siege Tank  
  64  9:51  Barracks Reactor  
  64  9:52  SCV, Marauder  
  70  10:04  SCV  
  70  10:06  SCV  
  70  10:13  Marauder  
  66  10:24  Medivac  
  68  10:42  SCV x2  
  70  10:47  Missile Turret  
  69  10:52  Command Center  
  69  10:54  SCV x2  
  56  11:10  Viking  
  37  11:28  SCV x2  
  37  11:31  Marine x3  
  42  11:37  Sensor Tower  
  42  11:40  SCV x2, Viking  
  46  11:49  Barracks x2, Marine x2  
  46  11:52  SCV x2  
  50  11:56  Barracks  
  50  12:05  Siege Tank  
  53  12:10  Viking  
  53  12:13  Marauder, Marine x2  
  59  12:31  Marine x2  
  59  12:34  Marauder  
  63  12:38  Siege Tank  
  63  12:40  Viking  
  68  12:49  SCV, Marine  
  68  12:50  SCV  
  71  12:52  Marine  
  71  12:56  Marauder  
  74  13:02  SCV x2  
  76  13:06  Marine  
  76  13:07  Refinery  
  76  13:09  Orbital Command, Marine  
  76  13:10  Viking  
  80  13:14  SCV x2  
  80  13:15  Barracks Reactor, Barracks Tech Lab  
  80  13:17  Marauder  
  84  13:24  Marine  
  85  13:28  Supply Depot  
  85  13:29  SCV x2, Marine, Siege Tank  
  85  13:30  Supply Depot x2  
  85  13:33  Supply Depot  
  82  13:38  Marauder  
  84  13:41  SCV  
  84  13:44  Starport Reactor  
  85  13:50  Marauder, Marine x2  
  87  13:58  SCV x3  
  87  13:59  Marauder  
  92  14:04  Terran Infantry Weapons Level 1  
  92  14:07  Stimpack  
  92  14:10  SCV x3  
  92  14:12  Marauder  
  92  14:14  Refinery  
  97  14:19  Terran Infantry Armor Level 1  
  97  14:22  SCV  
  97  14:24  Refinery  
  98  14:28  Refinery  
  98  14:30  Marine x4  
  104  14:31  Marauder  
  104  14:33  Marauder  
  106  14:40  Viking  
  106  14:44  SCV x3  
  111  14:48  Marine x4  
  117  14:52  Marauder  
  117  15:05  Sensor Tower  
  117  15:10  Combat Shield  
  117  15:39  Supply Depot x2  
  117  15:56  Command Center  
  117  16:00  SCV x3, Marauder, Siege Tank  
  117  16:01  Viking x2  
  117  16:02  Supply Depot  
  117  16:03  Supply Depot  
  129  16:08  Missile Turret  
  129  16:12  SCV x3, Missile Turret  
  132  16:24  SCV x3, Armory  
  135  16:28  Armory, Command Center, Missile Turret, Supply Depot  
  135  16:29  Supply Depot  
  135  16:33  Medivac  
  135  16:34  Medivac  
  135  16:36  SCV x2, Concussive Shells  
  135  16:38  Marauder, Marine x2  
  147  16:40  Marauder, Marine  
  147  16:41  Marine  
  149  16:50  SCV x3  
  149  16:53  Supply Depot  
  152  16:55  Supply Depot  
  152  17:02  SCV x2  
  152  17:07  Planetary Fortress  
  154  17:10  SCV  
  154  17:14  SCV x2  
  154  17:15  Missile Turret, Supply Depot  
  157  17:19  Supply Depot  
  157  17:22  SCV, Sensor Tower  
  158  17:26  SCV x2  
  160  17:34  SCV, Siege Tank  
  160  17:36  Marauder x2, Marine x3, Missile Turret  
  171  17:38  SCV x2  
  173  17:45  SCV, Sensor Tower  
  173  17:46  SCV  
  173  17:51  SCV x2  
  177  17:54  Sensor Tower  
  177  17:57  SCV, Marauder x2  
  184  17:58  SCV  
  184  17:59  Missile Turret  
  184  18:00  Marine x4  
  184  18:03  SCV x2  
  188  18:06  Siege Tank  
  190  18:17  Marine  
  190  18:18  Marauder  
  190  18:19  Marauder  
  187  18:40  Marauder  
  146  18:50  Marauder, Marine x3  
Tags
 
Composition
Mech
Matchup
TvT
Race
Terran
Replay Pack
Multiplayer
Spawn Locations
Cross Positions
Add a new tag
Caveats
  • Supply blocks, unpowered buildings, or Contaminate may cause inaccurate times.
  • Supply counts are checked every 10 seconds.